AoeStats
← Orange Jiangzc

Black Forest

517378255Analyzed
4v4 RM · 7d ago on Oct 30, 2026· 69m 10s· 8 players
Game mode
Random Map
Map size
Large (8 player)
Population
200
Speed
Normal
Resources
Standard
Victory
Conquest
Starting age
Dark Age
Ending age
Imperial Age
RankedLock teamsTeams togetherTeam positionsShared explorationLock speedFull tech treeHidden civsTurbo modeCheats
Victory
Defeat
🇨🇳 Portuguese · China
817
+10
🇪🇪 Koreans · Estonia
705
+14
🇩🇪 Bohemians · Germany
680
+15
🇨🇳 Mongols · China
610
+18
vs
🇮🇹 Poles · Italy
686
-15
🇦🇺 Khmer · Australia
670
-14
🇨🇳 Britons · China
663
-14
🇫🇮 Aztecs · Finland
654
-14
含光
13:53 Feudal Age
16:03 Wheelbarrow
16:16 Double-Bit Axe
19:07 Horse Collar
24:26 Castle Age
25:23 Hand Cart
27:49 Bow Saw
29:42 Heavy Plow
37:26 Gold Mining
39:04 Gold Shaft Mining
40:08 Husbandry
45:33 Light Cavalry
SobieskiReborn
0:36 Loom
14:15 Feudal Age
15:13 Double-Bit Axe
15:10 Horse Collar
18:18 Castle Age
17:59 Gold Mining
18:02 Stone Mining
20:38 Bow Saw
20:50 Heavy Plow
30:02 Imperial Age
28:42 Wheelbarrow
27:54 Town Watch
28:49 Caravan
30:11 Hand Cart
30:51 Gold Shaft Mining
31:49 Conscription
31:45 Scale Barding Armor
33:39 Double Crossbow
33:58 Husbandry
34:12 Bloodlines
34:34 Ballistics
35:22 Chemistry
35:30 Crop Rotation
36:00 Chain Barding Armor
35:53 Siege Engineers
36:06 Elite Ballista Elephant
jyri.hyppanen
16:23 Feudal Age
17:51 Wheelbarrow
17:01 Horse Collar
17:10 Double-Bit Axe
18:42 Gold Mining
18:44 Stone Mining
22:01 Forging
21:52 Scale Mail Armor
25:09 Castle Age
26:24 Hand Cart
27:01 Heavy Plow
27:19 Squires
27:05 Arson
26:42 Eagle Warrior
28:04 Iron Casting
27:45 Chain Mail Armor
29:02 Gold Shaft Mining
28:40 Bow Saw
32:38 Imperial Age
31:53 Caravan
34:29 Elite Eagle Warrior
35:45 Conscription
36:03 Garland Wars
36:38 Plate Mail Armor
37:57 Blast Furnace
alexgiaco98
0:26 Loom
13:51 Feudal Age
19:49 Horse Collar
19:57 Double-Bit Axe
20:06 Stone Mining
20:08 Gold Mining
24:28 Castle Age
25:22 Bow Saw
25:13 Heavy Plow
25:50 Stone Shaft Mining
28:53 Bloodlines
28:43 Husbandry
29:17 Light Cavalry
29:31 Light Cavalry
40:42 Imperial Age
42:20 Crop Rotation
41:27 Winged Hussar
42:35 Lechitic Legacy
44:43 Chemistry
45:53 Scale Barding Armor
Orange Jiangzc
5:48 Loom
11:42 Feudal Age
13:33 Double-Bit Axe
15:59 Castle Age
14:56 Horse Collar
17:27 Bow Saw
17:14 Gold Mining
21:49 Imperial Age
20:06 Stone Mining
22:09 Wheelbarrow
24:12 Chemistry
25:12 Hand Cart
25:20 Treadmill Crane
27:58 Stone Shaft Mining
33:12 Treadmill Crane
33:55 Bombard Tower
34:03 Guilds
34:12 Masonry
34:28 Ballistics
34:36 Conscription
34:16 Arquebus
35:06 Fletching
35:49 Architecture
35:27 Elite Organ Gun
36:29 Bodkin Arrow
36:24 Town Watch
37:12 Architecture
37:02 Siege Engineers
37:28 Architecture
37:29 Circumnavigation
38:40 Bracer
41:14 Murder Holes
46:32 Fortified Wall
49:47 Circumnavigation
49:18 Sappers
50:58 Heated Shot
50:59 Guard Tower
51:14 Siphons
51:21 Clinker Construction
51:21 Careening
52:14 Two-Man Saw
53:09 Atonement
53:19 Fervor
53:25 Block Printing
53:06 Herbal Medicine
53:46 Theocracy
53:12 Devotion
53:33 Sanctity
53:33 Heresy
53:16 Heavy Plow
53:22 Padded Archer Armor
53:27 Scale Barding Armor
53:23 Scale Mail Armor
53:34 Forging
53:27 Caravan
53:57 Coinage
56:01 Crop Rotation
56:04 Banking
56:14 Keep
56:00 Carvel Hull
56:01 Dry Dock
55:13 Capped Ram
55:14 Onager
Captain_S7
14:18 Feudal Age
16:30 Wheelbarrow
15:41 Double-Bit Axe
15:41 Fishing Lines
18:47 Gold Mining
18:53 Horse Collar
23:21 Castle Age
21:43 Stone Mining
24:29 Hand Cart
24:53 Bow Saw
24:46 Heavy Plow
25:31 Bloodlines
29:02 Husbandry
31:30 Caravan
32:35 Gillnets
33:32 Stone Shaft Mining
38:23 Imperial Age
36:03 Nomads
36:29 Ballistics
35:33 Elite Skirmisher
37:02 Gold Shaft Mining
37:13 Thumb Ring
37:45 Coinage
38:04 Squires
37:52 Arson
38:33 Fletching
38:44 Padded Archer Armor
38:49 Scale Barding Armor
38:40 Town Watch
39:56 Leather Archer Armor
39:37 Bodkin Arrow
40:45 Chemistry
40:42 Chain Barding Armor
41:57 Parthian Tactics
40:54 Pikeman
42:24 Elite Mangudai
43:46 Conscription
42:52 Elite Steppe Lancer
AHderGroße
5:02 Loom
12:32 Feudal Age
13:19 Horse Collar
13:37 Double-Bit Axe
16:16 Wheelbarrow
15:28 Town Watch
18:03 Fishing Lines
22:15 Castle Age
23:53 Hand Cart
23:50 Caravan
24:17 Heavy Plow
24:33 Bow Saw
25:10 Husbandry
24:31 Light Cavalry
25:16 Squires
25:01 Arson
29:58 Wagenburg Tactics
31:15 Chemistry
30:35 Ballistics
35:40 Imperial Age
35:22 Town Patrol
35:30 Gillnets
36:07 Murder Holes
37:43 Two-Man Saw
36:15 Elite Hussite Wagon
37:17 Conscription
36:32 Heavy Scorpion
41:39 Pikeman
41:40 Man-at-Arms
41:47 Onager
42:49 Hussite Reforms
43:06 Halberdier
44:19 Houfnice
65:22 Cavalier
Hercule Poirot II
0:31 Loom
13:42 Feudal Age
14:37 Town Watch
15:08 Double-Bit Axe
27:42 Castle Age
25:37 Fishing Lines
25:49 Horse Collar
27:40 Arson
28:40 Gold Mining
29:05 Bow Saw
28:58 Heavy Plow
28:59 Stone Mining
29:12 Squires
30:38 Wheelbarrow
30:16 Gillnets
30:21 Pikeman
33:18 Forging
33:08 Scale Mail Armor
33:52 Hand Cart
33:37 Town Patrol
34:22 Town Patrol
37:00 Eupseong
37:31 Caravan
38:40 Stone Shaft Mining
38:09 Husbandry
37:29 Light Cavalry
38:52 Iron Casting
38:32 Chain Mail Armor
38:08 Fletching
39:52 Scale Barding Armor
44:35 Imperial Age
44:38 Hussar
44:39 Cavalier
46:26 Conscription
46:45 Gold Shaft Mining
47:19 Two-Man Saw
47:13 Bodkin Arrow
47:50 Capped Ram
49:26 Bracer
49:58 Plate Mail Armor
51:11 Coinage
50:52 Guilds
51:35 Siege Engineers
51:42 Masonry
51:13 Treadmill Crane
51:44 Fortified Wall
52:00 Medium Warships
53:05 Banking
56:17 Chain Barding Armor
58:36 Heavy Rocket Cart
59:43 Shinkichon
61:48 Heavy Warships
62:20 Architecture
61:47 Murder Holes
63:06 Ballistics
64:18 Chemistry
66:14 Arrowslits
66:19 Heated Shot
Connection lost

Rejoining the realm…

Still unreachable

The connection could not be restored.

Session expired

The server has moved on; the page needs a fresh start.